 Dungeon Crawl Stone Soup version 0.29.1-15-g9cfb28693d (webtiles) character file.

Game seed: 6972674384297003660

98 Mickster the Covered (level 4, -4/37 HPs)
             Began as a Demigod Fighter on Feb 28, 2023.
             Succumbed to a goblin's poison
             ... on level 3 of the Dungeon.
             The game lasted 00:18:58 (2832 turns).

Mickster the Covered (Demigod Fighter)              Turns: 2832, Time: 00:18:58

Health: -4/37      AC:  8    Str: 20 (21) XL:     4   Next: 20%
Magic:  6/6        EV:  9    Int:  9 (10) God:
Gold:   76         SH:  5    Dex: 11 (13) Spells: 3/3 levels left

rFire   . . .      SeeInvis .   k - +3 spear (venom)
rCold   . . .      Faith    .   c - +1 buckler
rNeg    . . .      Spirit   .   b - +0 scale mail
rPois   .          Reflect  .   (no helmet)
rElec   .          Harm     .   (no cloak)
rCorr   .          Rampage  .   h - +0 pair of gloves
Will    .....                   (no boots)
Stlth   ..........              (no amulet)
HPRegen 0.12/turn               (no ring)
MPRegen 0.10/turn               (no ring)

@: lethally poisoned (-4 -> -24)
A: high MP 1, forlorn, divine attributes
a: no special abilities


You were on level 3 of the Dungeon.
You visited 1 branch of the dungeon, and saw 3 of its levels.

You collected 76 gold pieces.

Inventory:

Hand Weapons
 a - a +0 war axe
 e - a +0 long sword
 g - a +0 sling
 i - a +1 whip of venom
 k - a +3 spear of venom (weapon)
Missiles
 l - 5 boomerangs (quivered)
Armour
 b - a +0 scale mail (worn)
 c - a +1 buckler (worn)
 h - a +0 pair of gloves (worn)
Magical Staves
 m - a staff of earth
Potions
 d - 2 potions of might
 f - a potion of flight
 j - 2 potions of heal wounds
 n - a potion of haste


   Skills:
 + Level 2.9 Fighting
 - Level 2.3 Long Blades
 - Level 1.7(1.8) Axes
 * Level 0.2(1.1) Polearms
 + Level 3.3 Armour
 + Level 0.3 Dodging
 + Level 0.1 Stealth
 + Level 3.1 Shields


You had 3 spell levels left.
You didn't know any spells.
Your spell library contained the following spells:

 Spells                   Type           Power      Damage    Failure   Level
 Foxfire                  Conj/Fire      0%         2x1d4     83%         1
 Conjure Flame            Conj/Fire      0%         6-21      99%         3
 Inner Flame              Hex/Fire       0%         N/A       99%         3
 Flame Wave               Conj/Fire      0%         2d4       100%        4


Dungeon Overview and Level Annotations

Branches:
Dungeon (3/15)

Annotations:
D:3 Ijyb


Innate Abilities, Weirdness & Mutations

You have an increased reservoir of magic. (+10% MP)
You shall have no god before yourself.
Your divine heritage dramatically boosts your attributes as you level up.


Message History

The goblin is moderately wounded.
A goblin comes into view. It is wielding a +0 club.
The goblin hits you with a +0 dagger.
You closely miss the goblin.
The goblin is moderately wounded.
You block the kobold's attack. The goblin barely misses you.
You closely miss the goblin.
The goblin is moderately wounded.
The kobold barely misses you. You block the goblin's attack.
You hit the goblin.
You kill the goblin!
The kobold barely misses you.
You hit the goblin but do no damage.
The goblin is poisoned.
The goblin closely misses you. You block the kobold's attack.
The goblin hits you with a +0 dagger of venom.
You are poisoned.
The kobold hits you with a +1 whip of electrocution.
You are electrocuted!
You closely miss the goblin.
The goblin is heavily wounded.
You feel very sick. The kobold closely misses you.
The goblin hits you with a +0 dagger of venom.
You are lethally poisoned!
You barely miss the goblin.
The goblin is severely wounded.
* * * LOW HITPOINT WARNING * * *
You feel very sick. The goblin barely misses you.
The goblin hits you but does no damage.
You are more poisoned.
The kobold hits you but does no damage. The goblin hits you but does no damage.
You closely miss the goblin.
* * * LOW HITPOINT WARNING * * *
You feel very sick. The goblin barely misses you.
The kobold hits you with a +1 whip of electrocution.
* * * LOW HITPOINT WARNING * * *
The goblin hits you but does no damage. x2
You miss the goblin.
You die...

.#>............
......?........
...............
...............
.......)g....
.......gg8.
......ggg#########
......K@g.........
#......<......<###
##.....##.....##
###### #######


You could see Ijyb, 6 goblins and a kobold.

Vanquished Creatures
  3 adders (D:2)
  3 worms (D:2)
  3 endoplasms
  A giant cockroach (D:2)
  6 goblins
  8 hobgoblins
  8 jackals
  4 quokkas (D:1)
  3 ball pythons
  5 bats
  6 frilled lizards
  5 kobolds
  4 rats
59 creatures vanquished.

Notes
Turn   | Place    | Note
-------+----------+-------------------------------------------
     0 | D:1      | Mickster the Demigod Fighter began the quest for the Orb.
     0 | D:1      | Reached XP level 1. HP: 18/18 MP: 3/3
   438 | D:1      | Reached XP level 2. HP: 19/25 MP: 4/4
  1483 | D:1      | Reached skill level 1 in Long Blades
  1602 | D:1      | Reached XP level 3. HP: 30/30 MP: 5/5
  2110 | D:2      | Reached XP level 4. HP: 26/37 MP: 6/6
  2823 | D:3      | Noticed Ijyb
  2831 | D:3      | HP: 1/37 [kobold/+1 whip of electrocution (4)]
  2832 | D:3      | Succumbed to a goblin's poison

Illustrated notes

Levels and vault maps discovered:
D:1:      mushboom_english_gardens, layout_loops_ring,
          hellmonk_ecumenical_altar_arch_garden, nrook_campfire
D:2:      layout_basic, minmay_pentomino_t2
D:3:      kennysheep_the_goblin_king, layout_rooms,
          hangedman_abyss_or_decor_lesser_grid, st_stairs_11

Skill      XL: |  1  2  3 |
---------------+----------+-----
Armour         | 3 |  3.3
Shields        | 3 |  3.1
Long Blades    | 1 2 |  2.3
Fighting       | |  2.9
Axes           | |  1.7
Polearms       | |  0.2
Dodging        | |  0.3
Stealth        | |  0.1

Action                   |  1- 3 |  4- 6 || total
-------------------------+-------+-------++-------
Melee: Long sword        |   159 |     5 ||   164
       War axe           |    16 |       ||    16
       Spear             |       |    33 ||    33
  Use: Potion            |     6 |       ||     6
       Scroll            |     3 |     1 ||     4
Armor: Scale mail        |   130 |    10 ||   140
Dodge: Dodged            |   127 |    10 ||   137
Block: Buckler           |    74 |     9 ||    83
